AoeStats
← sesquipedalia

Black Forest

508162747Analyzed
4v4 RM · 10d ago on Sep 21, 2026· 32m 46s· 8 players
Game mode
Random Map
Map size
Large (8 player)
Population
200
Speed
Normal
Resources
Standard
Victory
Conquest
Starting age
Dark Age
Ending age
Imperial Age
RankedLock teamsTeams togetherTeam positionsShared explorationLock speedFull tech treeHidden civsTurbo modeCheats
Victory
Defeat
🇺🇸 Britons · United States
1685
+4
🇺🇸 Teutons · United States
1512
+9
🇺🇸 Romans · United States
1442
+11
🇺🇸 Lithuanians · United States
1402
+13
🇲🇽 Goths · Mexico
1374
-10
🇻🇳 Maya · Vietnam
1364
-10
🇫🇷 Hindustanis · France
1348
-9
🇲🇽 Romans · Mexico
1301
-8
xblxavier
0:26 Loom
12:01 Feudal Age
16:44 Castle Age
14:55 Double-Bit Axe
15:18 Gold Mining
15:12 Horse Collar
18:20 Bow Saw
25:32 Wheelbarrow
24:59 Heavy Plow
26:06 Stone Mining
28:05 Hand Cart
29:08 Stone Shaft Mining
34:01 Imperial Age
Lancelot
3:13 Loom
11:26 Feudal Age
12:16 Double-Bit Axe
11:58 Man-at-Arms
12:38 Horse Collar
13:36 Scale Mail Armor
16:07 Fletching
18:56 Forging
24:08 Gold Mining
27:19 Castle Age
26:29 Stone Mining
28:31 Bow Saw
28:41 Chain Mail Armor
27:52 Long Swordsman
28:35 Squires
29:41 Iron Casting
29:36 Heavy Plow
31:04 Wheelbarrow
30:40 Bodkin Arrow
jawsy_
7:40 Loom
10:56 Feudal Age
15:17 Castle Age
14:25 Double-Bit Axe
14:29 Horse Collar
16:59 Bow Saw
18:17 Heavy Plow
22:35 Wheelbarrow
23:01 Scale Barding Armor
24:05 Forging
25:48 Gold Mining
29:56 Imperial Age
28:59 Stone Mining
29:50 Gold Shaft Mining
30:39 Padded Archer Armor
31:00 Chain Barding Armor
31:16 Iron Casting
33:28 Chemistry
VN_BILL
0:28 Loom
13:57 Feudal Age
Lord Aubergine
11:32 Feudal Age
12:32 Double-Bit Axe
12:29 Horse Collar
15:22 Castle Age
16:13 Bow Saw
18:49 Heavy Plow
20:55 Gold Mining
22:53 Wheelbarrow
24:49 Stone Mining
28:31 Imperial Age
25:50 Loom
27:04 Hand Cart
26:34 Town Watch
26:57 Scale Mail Armor
27:07 Forging
27:44 Forging
28:28 Chain Mail Armor
27:44 Man-at-Arms
28:09 Gambesons
28:25 Squires
29:03 Iron Casting
28:42 Arson
28:43 Onager
28:48 Long Swordsman
31:29 Chemistry
31:11 Plate Mail Armor
30:32 Two-Handed Swordsman
32:22 Champion
34:04 Blast Furnace
JonnyTheMonkey
0:54 Loom
11:20 Feudal Age
13:08 Fletching
13:37 Man-at-Arms
14:24 Arson
17:35 Town Watch
18:21 Scale Mail Armor
20:00 Double-Bit Axe
21:11 Horse Collar
22:30 Forging
26:10 Castle Age
25:39 Stone Mining
25:39 Gold Mining
26:27 Wheelbarrow
27:18 Bow Saw
27:09 Bodkin Arrow
27:18 Heavy Plow
31:37 Fortified Wall
32:57 Bodkin Arrow
33:26 Ballistics
sesquipedalia
0:41 Loom
11:49 Feudal Age
15:44 Castle Age
14:58 Fletching
15:15 Double-Bit Axe
26:39 Bow Saw
28:32 Stone Mining
31:57 Wheelbarrow
32:54 Gold Mining
NUBSINC
5:49 Loom
7:09 Loom
10:41 Feudal Age
15:18 Castle Age
13:23 Double-Bit Axe
13:21 Horse Collar
18:51 Wheelbarrow
20:50 Bow Saw
22:33 Heavy Plow
24:23 Hand Cart
31:12 Imperial Age
28:39 Gold Mining
29:26 Scale Barding Armor
29:31 Forging
30:40 Chain Barding Armor
30:35 Bloodlines
30:27 Husbandry
32:50 Iron Casting
31:41 Cavalier
33:14 Plate Barding Armor
33:48 Crop Rotation
34:22 Two-Man Saw
Connection lost

Rejoining the realm…

Still unreachable

The connection could not be restored.

Session expired

The server has moved on; the page needs a fresh start.